 Dungeon Crawl Stone Soup version 0.26.1-11-gd32895ea62 (webtiles) character file.

Game seed: 7416167819264365421

51 tizbic2 the Slasher (level 3, 0/18 HPs)
             Began as a Vine Stalker Gladiator on July 1, 2021.
             Was an Initiate of Gozag.
             Succumbed to an adder's poison
             ... on level 3 of the Dungeon.
             The game lasted 00:07:49 (1934 turns).

tizbic2 the Slasher (Vine Stalker Gladiator)        Turns: 1934, Time: 00:07:50

Health: 0/18       AC:  6    Str: 13 (16) XL:     3   Next: 81%
Magic:  3/4        EV: 11    Int:  5 (8)  God:    Gozag
Gold:   133        SH:  0    Dex: 16      Spells: 2/2 levels left

rFire    . . .     SeeInvis .   k - +0 hand axe (elec)
rCold    . . .     Faith    .   (no shield)
rNeg     . . .     Spirit   +   e - +0 ring mail
rPois    .         Reflect  .   c - +0 helmet
rElec    .         Harm     .   (no cloak)
rCorr    .         Rampage  .   (no gloves)
Will     .....                  (no boots)
Stlth    +.........             (no amulet)
HPRegen  0.06/turn              (no ring)
MPRegen  0.09/turn              (no ring)

@: lethally poisoned (0 -> -11), gold aura
A: fangs 2, magic shield, antimagic bite, no potion heal 3
a: Renounce Religion, Potion Petition, Call Merchant, Bribe Branch


You were on level 3 of the Dungeon.
You worshipped Gozag.
Gozag was aware of your devotion.
You visited 1 branch of the dungeon, and saw 3 of its levels.

You collected 152 gold pieces.
You paid 19 gold pieces to Gozag.

Inventory:

Hand Weapons
 a - a +0 long sword
 k - a +0 hand axe of electrocution (weapon)
Missiles
 d - 3 throwing nets
 i - 47 stones (quivered)
Armour
 c - a +0 helmet (worn)
 e - a +0 ring mail (worn)
Wands
 j - a wand of paralysis (10)
Scrolls
 f - a scroll of identify
 g - 2 scrolls of immolation
 l - a scroll of remove curse {unknown}
 m - a scroll of amnesia
 n - a scroll of fog {unknown}
 o - a scroll of teleportation {unknown}
Potions
 h - a potion of haste {unknown}


   Skills:
 + Level 1.7 Fighting
 * Level 3.6 Long Blades
 + Level 0.5 Axes
 + Level 1.8 Throwing
 + Level 0.8 Armour
 * Level 2.6 Dodging


You had 2 spell levels left.
You didn't know any spells.
Your spell library was empty.

Dungeon Overview and Level Annotations

Branches:
Dungeon (3/15)

Altars:
Fedhas
Gozag
Qazlal
Trog
Yredelemnul


Innate Abilities, Weirdness & Mutations

You have extremely sharp teeth.
When hurt, damage is shared between your health and your magic reserves.
Your bite disrupts and absorbs the magic of your enemies.
Potions cannot restore your health.


Message History

The rat becomes distracted by the nearby gold, dreaming of imaginary riches.
You closely miss the adder. You bite the adder. You drain its power.
You feel invigorated.
The adder is heavily wounded.
The adder bites you.
* * * LOW HITPOINT WARNING * * *
You are more poisoned.
The adder poisons you! The adder bites you.
It was a potion of heal wounds.
That seemed strangely inert.
* * * LOW HITPOINT WARNING * * *
You feel sick. The adder bites you but does no damage.
You slash the adder!
You kill the adder!
* * * LOW HITPOINT WARNING * * *
You feel sick.
The hobgoblin hits you but does no damage.
You hit the hobgoblin. Your bite misses the hobgoblin.
The hobgoblin is heavily wounded.
You die...
Your body crumbles into a pile of gold.

#.# #.# #.# #......
#.# ....... #.######
....... ##......#
........####.......#
..........@g.......#
..)....#####.......#
..............r$...#
#
........########.###
# .#......# #.#
##..<#.# #.# ###.#.#
... # #.# ... #.#
...#


You could see a hobgoblin and a rat.

Vanquished Creatures
  2 adders (D:3)
  A dart slug (D:1)
  A leopard gecko (D:1)
  An orc (D:3)
  4 bats
  2 giant cockroaches
  4 hobgoblins
  2 ball pythons
  3 frilled lizards (D:1)
  6 kobolds
  4 rats
30 creatures vanquished.

Notes
Turn   | Place    | Note
-------+----------+-------------------------------------------
     0 | D:1      | tizbic2 the Vine Stalker Gladiator began the quest for the
                  | Orb.
     0 | D:1      | Reached XP level 1. HP: 11/11 MP: 2/2
    97 | D:1      | Reached skill level 3 in Long Blades
   154 | D:1      | Reached XP level 2. HP: 14/15 MP: 3/3
  1147 | D:2      | Found a stormy altar of Qazlal.
  1153 | D:2      | Found an opulent altar of Gozag.
  1161 | D:2      | Found a bloodstained altar of Trog.
  1168 | D:2      | Became a worshipper of Gozag Ym Sagoz the Greedy
  1687 | D:3      | Reached XP level 3. HP: 17/18 MP: 4/4
  1763 | D:3      | Found a blossoming altar of Fedhas.
  1765 | D:3      | Found a basalt altar of Yredelemnul.
  1934 | D:3      | Succumbed to an adder's poison

Illustrated notes

Levels and vault maps discovered:
D:1:      lightli_iron_boxes, layout_basic
D:2:      layout_basic, minmay_overflow_temple_star_quad
D:3:      layout_loops_ring, chequers_temple_overflow_statue_of_worship,
          tso_altar, minmay_joined_circles, uniq_terence

Skill      XL: |  1 |
---------------+----+-----
Long Blades    | 3 |  3.6
Fighting       | |  1.7
Axes           | |  0.5
Throwing       | |  1.8
Armour         | |  0.8
Dodging        | |  2.6

Action                   || total
-------------------------++-------
Melee: Long sword        ||    33
       Bite              ||    15
       Hand axe          ||    29
  Use: Potion            ||     8
       Scroll            ||     2
Armor: Leather armour    ||     8
       Ring mail         ||    26
Dodge: Dodged            ||    54
       Rpst.: Long sword ||    10
